 Dungeon Crawl Stone Soup version 0.26-a0-854-gdc81c2f471 (webtiles) character file.

Game seed: 11901582386381221715

4071 schets the Covert (level 10, 0/82 HPs)
             Began as a Gnoll Delver on Nov 22, 2020.
             Was an Elder of Okawaru.
             Slain by a boulder beetle (32 damage)
             ... on level 10 of the Dungeon.
             The game lasted 00:26:11 (11099 turns).

schets the Covert (Gnoll Delver)                   Turns: 11099, Time: 00:26:12

Health: 0/82       AC:  8    Str: 14    XL:     10   Next: 25%
Magic:  17/17      EV: 17    Int: 16    God:    Okawaru [****..]
Gold:   546        SH:  6    Dex: 17    Spells: 14/19 levels left

rFire    . . .     SeeInvis .   N - +7 captain's cutlass {speed, disarm}
rCold    . . .     Faith    .   x - +0 buckler
rNeg     . . .     Spirit   .   t - +0 scale mail
rPois    .         Reflect  .   k - +0 helmet
rElec    .         Harm     .   J - scarf {shadows}
rCorr    .         Rampage  .   (no gloves)
MR       .....                  (no boots)
Stlth    ++++......             (no amulet)
HPRegen  0.23/turn              E - ring of stealth
MPRegen  0.15/turn              P - +4 ring of evasion

@: no status effects
A: distributed training, fangs 1, strong nose
a: Heroism, Renounce Religion


You were on level 10 of the Dungeon.
You worshipped Okawaru.
Okawaru was greatly pleased with you.
You visited 2 branches of the dungeon, and saw 11 of its levels.

You collected 546 gold pieces.

Inventory:

Hand Weapons
 N - the +7 captain's cutlass (weapon) {speed, disarm}
   (You found it on level 6 of the Dungeon)

   Attacks with this weapon are significantly faster.
 Q - a +0 vorpal hunting sling
Missiles
 j - 7 boomerangs
 p - 344 stones
 r - 17 sling bullets
 K - 2 javelins
 V - 4 datura-tipped darts
 X - a poisoned dart (quivered)
Armour
 b - a +0 leather armour
 k - a +0 helmet (worn)
 m - a +0 cloak
 t - a +0 scale mail (worn)
 x - a +0 buckler (worn)
 J - a scarf of shadows (worn)
 T - a scarf of invisibility
Jewellery
 a - an uncursed ring of magical power
 h - an uncursed ring of ice
 E - a ring of stealth (left hand)
 O - an uncursed ring of protection from cold
 P - a +4 ring of evasion (right hand)
Wands
 g - a wand of digging (21)
 y - a wand of random effects (44)
 M - a wand of flame (26)
 U - a wand of iceblast (2)
 Y - a wand of polymorph (11)
Scrolls
 c - 2 scrolls of fog
 d - a scroll of magic mapping
 e - 3 scrolls of fear
 l - 4 scrolls of teleportation
 o - 4 scrolls of remove curse {unknown}
 s - a scroll of enchant weapon {unknown}
 u - 2 scrolls of noise {unknown}
 v - 13 scrolls of identify {unknown}
 w - a scroll of summoning {unknown}
 A - 2 scrolls of random uselessness {unknown}
 H - 2 scrolls of immolation {unknown}
 I - a scroll of enchant armour {unknown}
 R - a scroll of holy word {unknown}
Potions
 f - 4 potions of haste
 i - a potion of mutation {unknown}
 n - 2 potions of lignification {unknown}
 q - 2 potions of berserk rage {unknown}
 z - a potion of magic {unknown}
 B - 4 potions of attraction {unknown}
 C - 2 potions of might {unknown}
 D - 2 potions of flight {unknown}
 F - 2 potions of brilliance {unknown}
 G - 2 potions of degeneration {unknown}
 L - 2 potions of cancellation {unknown}
 S - a potion of curing {unknown}
 W - a potion of heal wounds {unknown}


   Skills:
 + Level 8.4 Fighting
 + Level 5.1 Short Blades
 + Level 5.1 Long Blades
 + Level 6.9 Axes
 + Level 5.1 Maces & Flails
 + Level 5.1 Polearms
 + Level 5.1 Staves
 + Level 5.1 Slings
 + Level 5.1 Bows
 + Level 5.1 Crossbows
 + Level 5.1 Throwing
 + Level 5.1 Armour
 + Level 6.9 Dodging
 + Level 10.7 Stealth
 + Level 5.1 Shields
 + Level 5.1 Unarmed Combat
 + Level 5.1 Spellcasting
 + Level 4.2 Conjurations
 + Level 4.2 Hexes
 + Level 4.2 Summonings
 + Level 4.2 Necromancy
 + Level 4.2 Translocations
 + Level 4.2 Transmutations
 + Level 4.2 Fire Magic
 + Level 4.2 Ice Magic
 + Level 4.2 Air Magic
 + Level 4.2 Earth Magic
 + Level 4.2 Poison Magic
 + Level 5.6 Invocations
 + Level 5.1 Evocations


You had 14 spell levels left.
You knew the following spells:

 Your Spells              Type           Power        Failure   Level
a - Animate Skeleton      Necr           #.....       10%         1
b - Corona                Hex            #......      10%         1
c - Slow                  Hex            #.......     16%         2
d - Apportation           Tloc           #.....       10%         1

Your spell library contained the following spells:

 Spells                   Type           Power        Failure   Level
 Pain                     Necr           #...         10%         1
 Summon Small Mammal      Summ           #...         10%         1
 Inner Flame              Hex/Fire       #.......     30%         3
 Portal Projectile        Hex/Tloc       #.....       30%         3
 Vampiric Draining        Necr           #.........   30%         3
 Animate Dead             Necr           #.........   69%         4
 Cause Fear               Hex            #.........   69%         4
 Leda's Liquefaction      Hex/Erth       #.........   69%         4
 Agony                    Necr           #.......     95%         5


Dungeon Overview and Level Annotations

Branches:
Dungeon (10/15)            Temple (1/1) D:4            Lair (0/6) D:9
    Orc (0/2) D:9

Altars:
Ashenzari
Cheibriados
Dithmenos
Elyvilon
Fedhas
Gozag
Hepliaklqana
Kikubaaqudgha
Makhleb
Nemelex Xobeh
Okawaru
Qazlal
Ru
Sif Muna
Trog
Uskayaw
Vehumet
Wu Jian
Xom
Yredelemnul
Zin
The Shining One
Jiyva

Shops:
D:5 }   D:10 }[[

Annotations:
D:5 2 transporters, dickylongcocking's ghost, amateur DEVM
D:7 exclusion: downstairs
D:8 2 transporters
D:10 Snorg; Urug


Innate Abilities, Weirdness & Mutations

Your experience applies equally to all skills.
You have very sharp teeth.
Your uncanny sense of smell can sniff out nearby items.


Message History

Throwing (i - inventory. (/) - cycle)
X - 2 poisoned darts (quivered)
Press: ? - help, Shift-Dir - straight line, f/p - boulder beetle
Aim: a boulder beetle (lightly wounded, very poisoned)
You throw a poisoned dart.
The poisoned dart hits the boulder beetle.
The boulder beetle looks even sicker.
The boulder beetle is lightly wounded.
Unknown command.
Unknown command.
The boulder beetle curls into a ball and begins rolling!
Unknown command.
Found a stone staircase leading up.
A manticore comes into view.
Urug the Orcish Ballista comes into view.
She is wielding a +1 broad axe.
The boulder beetle hits you!!!
Ouch! That really hurt!
The boulder beetle stops rolling and uncurls.
The boulder beetle curls into a ball and begins rolling!
The boulder beetle hits you!!
You die...

### ##.#### ###
#.....##########.##
#.@....#...##.....#
###.B............)..
#....○.........(##.#
#...##..°............#
#... #o.....<.......##
#......##.#.........##
.....H....##.........#
#.##.....###.........
# .......# #.....#..#


You could see a boulder beetle (very poisoned) and Urug.

Vanquished Creatures
  Grum (D:9)
  3 vampire mosquitoes (D:10)
  2 ice beasts
  An orc warrior (D:4)
  3 black bears
  2 ogres
  A phantom (D:6)
  2 wolves (D:9)
  A centaur (D:9)
  3 big kobolds
  4 bullfrogs
  8 killer bees
  5 wights (D:10)
  A centaur zombie (D:6)
  A quasit (D:8)
  2 orc priests
  3 hounds
  A jelly (D:7)
  2 centaur skeletons
  Terence (D:2)
  2 iguanas
  4 worker ants
  5 orc wizards
  2 worker ant zombies
  7 adders
  3 gnolls (D:9)
  A shadow imp (D:9)
  5 white imps
  3 oozes
  3 adder skeletons
  An adder zombie (D:8)
  A worm (D:2)
  2 dart slugs (D:1)
  3 leopard geckos
  29 orcs
  6 bats
  2 giant cockroaches
  6 goblins
  9 hobgoblins
  4 jackals
  14 kobolds
  2 quokkas
  A ball python (D:2)
  4 frilled lizards
  2 quokka skeletons
  2 rats
170 creatures vanquished.

Vanquished Creatures (others)
  A two-headed ogre (D:9)
  A gnoll (D:9)
2 creatures vanquished.

Grand Total: 172 creatures vanquished

Notes
Turn   | Place    | Note
-------+----------+-------------------------------------------
     0 | D:5      | Reached skill level 9 in Stealth
     0 | D:5      | schets the Gnoll Delver began the quest for the Orb.
     0 | D:5      | Reached XP level 1. HP: 23/23 MP: 1/1
    39 | D:5      | Found Ogyivoro's Gadget Shoppe.
    42 | D:5      | Noticed an orc wizard
    42 | D:5      | Noticed an orc priest
    96 | D:5      | Reached XP level 2. HP: 23/29 MP: 2/2
   282 | D:5      | Found a transporter.
   284 | D:5      | Found a transporter.
   285 | D:5      | Noticed dickylongcocking's ghost (amateur DEVM)
   286 | D:5      | Noticed a killer bee
   287 | D:5      | Noticed a killer bee
   288 | D:5      | Noticed a killer bee
   403 | D:4      | Reached skill level 1 in Invocations
   403 | D:4      | Reached XP level 3. HP: 34/35 MP: 2/4
   587 | D:4      | Found a staircase to the Ecumenical Temple.
   600 | Temple   | Entered the Ecumenical Temple
   718 | Temple   | Became a worshipper of Warmaster Okawaru
  1017 | D:3      | Reached skill level 1 in Short Blades
  1017 | D:3      | Reached skill level 1 in Long Blades
  1017 | D:3      | Reached skill level 1 in Maces & Flails
  1017 | D:3      | Reached skill level 1 in Polearms
  1017 | D:3      | Reached skill level 1 in Staves
  1017 | D:3      | Reached skill level 1 in Slings
  1017 | D:3      | Reached skill level 1 in Bows
  1017 | D:3      | Reached skill level 1 in Crossbows
  1017 | D:3      | Reached skill level 1 in Throwing
  1017 | D:3      | Reached skill level 1 in Armour
  1017 | D:3      | Reached skill level 1 in Shields
  1017 | D:3      | Reached skill level 1 in Unarmed Combat
  1017 | D:3      | Reached skill level 1 in Spellcasting
  1017 | D:3      | Reached skill level 1 in Evocations
  1079 | D:3      | Reached XP level 4. HP: 37/41 MP: 5/5
  1202 | D:2      | Found a shimmering altar of Xom.
  1340 | D:2      | Reached skill level 1 in Conjurations
  1340 | D:2      | Reached skill level 1 in Hexes
  1340 | D:2      | Reached skill level 1 in Summonings
  1340 | D:2      | Reached skill level 1 in Necromancy
  1340 | D:2      | Reached skill level 1 in Translocations
  1340 | D:2      | Reached skill level 1 in Transmutations
  1340 | D:2      | Reached skill level 1 in Fire Magic
  1340 | D:2      | Reached skill level 1 in Ice Magic
  1340 | D:2      | Reached skill level 1 in Air Magic
  1340 | D:2      | Reached skill level 1 in Earth Magic
  1340 | D:2      | Reached skill level 1 in Poison Magic
  1592 | D:2      | You fall into a shaft and drop 1 floor!
  1763 | D:2      | Found a broken altar of Ashenzari.
  2414 | D:2      | Noticed Terence
  2428 | D:2      | Killed Terence
  2429 | D:2      | Reached XP level 5. HP: 15/47 MP: 5/7
  4323 | D:3      | You fall into a shaft and drop 1 floor!
  4325 | D:4      | Noticed an ogre
  4581 | D:4      | Killed an ogre
  4582 | D:4      | Reached skill level 5 in Axes
  4582 | D:4      | Reached skill level 5 in Dodging
  4582 | D:4      | Reached XP level 6. HP: 47/53 MP: 8/8
  4703 | D:5      | Noticed a hornet
  4819 | D:5      | Noticed an orc warrior
  4880 | D:4      | Killed an orc warrior
  5397 | D:5      | Reached * piety under Okawaru
  5398 | D:5      | Reached XP level 7. HP: 35/59 MP: 10/10
  5571 | D:5      | Found a glowing golden altar of the Shining One.
  6234 | D:6      | Found a shimmering altar of Xom.
  6395 | D:6      | Found the +7 captain's cutlass {speed, disarm}
  6576 | D:6      | Reached skill level 10 in Stealth
  6576 | D:6      | Reached XP level 8. HP: 66/67 MP: 12/12
  6616 | D:6      | Reached ** piety under Okawaru
  6889 | D:6      | Found a sparkling altar of Nemelex Xobeh.
  6892 | D:6      | Found a blossoming altar of Fedhas.
  6894 | D:6      | Found a radiant altar of Vehumet.
  6896 | D:6      | Found a burning altar of Makhleb.
  7969 | D:8      | Found a transporter.
  8023 | D:8      | Found a bloodstained altar of Trog.
  8034 | D:8      | Found a transporter.
  8123 | D:8      | Found a hazy altar of Hepliaklqana.
  8941 | D:9      | Found a staircase to the Lair.
  8941 | D:9      | Noticed a two-headed ogre
  8951 | D:9      | Killed a two-headed ogre
  8952 | D:9      | Reached XP level 9. HP: 66/74 MP: 12/15
  8959 | D:9      | Found a shimmering blue altar of Sif Muna.
  9116 | D:9      | Noticed Grum
  9378 | D:9      | Found an opulent altar of Gozag.
  9401 | D:9      | Killed Grum
  9401 | D:9      | Reached *** piety under Okawaru
  9446 | D:9      | Reached skill level 5 in Invocations
  9449 | D:9      | Learned a level 1 spell: Animate Skeleton
  9451 | D:9      | Learned a level 1 spell: Corona
  9454 | D:9      | Learned a level 2 spell: Slow
  9773 | D:9      | Found a staircase to the Orcish Mines.
  9841 | D:9      | Found a hide-covered altar of Uskayaw.
 10033 | D:10     | Entered Level 10 of the Dungeon
 10105 | D:10     | Found Ovafrarr's Gadget Boutique.
 10123 | D:10     | Reached XP level 10. HP: 78/80 MP: 17/17
 10143 | D:10     | Learned a level 1 spell: Apportation
 10152 | D:10     | Found Dibim's Antique Armour Shop.
 10227 | D:10     | Found Golikuanao's Armour Emporium.
 10238 | D:10     | Reached skill level 5 in Short Blades
 10238 | D:10     | Reached skill level 5 in Long Blades
 10238 | D:10     | Reached skill level 5 in Maces & Flails
 10238 | D:10     | Reached skill level 5 in Polearms
 10238 | D:10     | Reached skill level 5 in Staves
 10238 | D:10     | Reached skill level 5 in Slings
 10238 | D:10     | Reached skill level 5 in Bows
 10238 | D:10     | Reached skill level 5 in Crossbows
 10238 | D:10     | Reached skill level 5 in Throwing
 10238 | D:10     | Reached skill level 5 in Armour
 10238 | D:10     | Reached skill level 5 in Shields
 10238 | D:10     | Reached skill level 5 in Unarmed Combat
 10238 | D:10     | Reached skill level 5 in Spellcasting
 10238 | D:10     | Reached skill level 5 in Evocations
 10439 | D:10     | Reached **** piety under Okawaru
 10452 | D:10     | Noticed Snorg
 10820 | D:10     | Noticed a boulder beetle
 11093 | D:10     | Noticed a manticore
 11095 | D:10     | Noticed Urug
 11099 | D:10     | Slain by a boulder beetle

Illustrated notes

Levels and vault maps discovered:
D:1:      scummos_arrival_hexagon, layout_loops_cross
D:2:      layout_basic, old_standard_altar, ashenzari_conservatory_becter,
          uniq_terence
D:3:      layout_loops_corners
D:4:      layout_basic, minmay_temple_entry_purple_smoke
D:5:      layout_basic, gammafunk_ghost_hive, serial_shops, shop, tso_altar
D:6:      layout_loops_ring, minitemple, basic_altar
D:7:      layout_cave_pods
D:8:      layout_cave_pods, gammafunk_temple_overflow_arena,
          nicolae_overflow_crystal_walls, serial_column_ruins,
          column_ruins_courtyard_long, column_ruins_square_medium,
          column_ruins_grid_1, column_ruins_columns_straight,
          column_ruins_open_tiny, column_ruins_open_tiny, column_ruins_grid_4,
          column_ruins_grid_2
D:9:      layout_rooms, eat_drink_and_be_merry_uskayaw, kennysheep_mini_moat,
          lemuel_crystal_altar, lair_entry_dummy, kennysheep_nub, uniq_grum
D:10:     layout_cave_pools, serial_shops, shop, kennysheep_mini,
          nicolae_shop_competitors_out_of_business, nicolae_shop_trees,
          small_chamber_with_monster, uniq_urug, uniq_snorg
Temple:   pf_slimified_temple

Skill      XL: |  1  2  3  4  5  6  7  8  9 10 |
---------------+-------------------------------+-----
Stealth        | 10 | 10.7
Invocations    | 1 2 3 4 5 |  5.6
Short Blades   | 1 2 4 5 |  5.1
Long Blades    | 1 2 4 5 |  5.1
Maces & Flails | 1 2 4 5 |  5.1
Polearms       | 1 2 4 5 |  5.1
Staves         | 1 2 4 5 |  5.1
Slings         | 1 2 4 5 |  5.1
Bows           | 1 2 4 5 |  5.1
Crossbows      | 1 2 4 5 |  5.1
Throwing       | 1 2 4 5 |  5.1
Armour         | 1 2 4 5 |  5.1
Shields        | 1 2 4 5 |  5.1
Unarmed Combat | 1 2 4 5 |  5.1
Spellcasting   | 1 2 4 5 |  5.1
Evocations     | 1 2 4 5 |  5.1
Conjurations   | 1 2 3 4 |  4.2
Hexes          | 1 2 3 4 |  4.2
Summonings     | 1 2 3 4 |  4.2
Necromancy     | 1 2 3 4 |  4.2
Translocations | 1 2 3 4 |  4.2
Transmutations | 1 2 3 4 |  4.2
Fire Magic     | 1 2 3 4 |  4.2
Ice Magic      | 1 2 3 4 |  4.2
Air Magic      | 1 2 3 4 |  4.2
Earth Magic    | 1 2 3 4 |  4.2
Poison Magic   | 1 2 3 4 |  4.2
Axes           | 5 6 |  6.9
Dodging        | 5 6 |  6.9
Fighting       | 7 8 |  8.4

Action                   |  1- 3 |  4- 6 |  7- 9 | 10-12 || total
-------------------------+-------+-------+-------+-------++-------
Melee: Hand axe          |    28 |       |       |       ||    28
       Bite              |     5 |    16 |    22 |    11 ||    54
       Morningstar       |    15 |   134 |       |       ||   149
       Rapier            |       |    20 |    75 |       ||    95
       Cutlass           |       |       |   175 |    70 ||   245
 Fire: Hunting sling     |     7 |     5 |    27 |     1 ||    40
Throw: Dart              |       |       |       |     2 ||     2
 Cast: Animate Skeleton  |       |       |     4 |       ||     4
Invok: Heroism           |       |       |       |     2 ||     2
 Abil: Evoke Invisibilit |       |       |     2 |       ||     2
Evoke: Wand              |       |       |     7 |       ||     7
  Use: Potion            |       |     3 |       |       ||     3
       Scroll            |       |     1 |     2 |     2 ||     5
 Stab: Sleeping          |     4 |    26 |     9 |       ||    39
       Distracted        |       |       |     1 |       ||     1
       Invisible         |       |       |     2 |       ||     2
       Confused          |       |       |     1 |       ||     1
Armor: Leather armour    |     6 |    26 |       |       ||    32
       Scale mail        |       |    14 |    61 |     9 ||    84
Dodge: Dodged            |    32 |   122 |   160 |    38 ||   352
Block: Buckler           |       |    31 |    66 |    15 ||   112

Table legend: (Time is in decaauts)
 A = Elapsed time spent in this place.
 B = Non-inter-level travel time spent in this place.
 C = Inter-level travel time spent in this place.
 D = Time resting spent in this place.
 E = Time spent auto-exploring this place.
 F = Levels seen in this place.
 G = Mean time per level.
                   A        B        C        D        E       F      G
               +--------+--------+--------+--------+--------+-----+--------+
         Total |  11063 |  10424 |    639 |   3433 |   4795 |  11 | 1005.7 |
       Dungeon |  10931 |  10304 |    627 |   3433 |   4712 |  10 | 1093.1 |
        Temple |    131 |    119 |     12 |      0 |     83 |   1 |  131.0 |
               +--------+--------+--------+--------+--------+-----+--------+

Top non-repeatable levels by time:
     D:2: 2035 daAuts
     D:4: 1362 daAuts
     D:5: 1246 daAuts
     D:9: 1155 daAuts
     D:8: 1088 daAuts
     D:7: 1016 daAuts
     D:6: 799 daAuts
    D:10: 787 daAuts
     D:1: 781 daAuts
     D:3: 657 daAuts
  Temple: 131 daAuts
